 Dungeon Crawl Stone Soup version 0.28-a0-1506-g3893175d92 (webtiles) character file.

Game seed: 13954554299163358310

1631 HallandMoats the Skirmisher (level 8, 0/63 HPs)
             Began as a Ghoul Fighter on Jan 13, 2022.
             Was an Elder of Hepliaklqana.
             Slain by a wraith (9 damage)
             ... on level 6 of the Dungeon.
             The game lasted 00:06:02 (5439 turns).

HallandMoats the Skirmisher (Ghoul Fighter)         Turns: 5439, Time: 00:06:03

Health: 0/63       AC: 14    Str: 20    XL:     8   Next: 98%
Magic:  0/10       EV:  8    Int:  5    God:    Hepliaklqana [****..]
Gold:   268        SH:  4    Dex:  8    Spells: 7/7 levels left

rFire   . . .      SeeInvis .   a - +2 hand axe (drain)
rCold   + . .      Faith    .   c - +0 buckler
rNeg    + + +      Spirit   +   z - +2 chain mail of Geezismu {Regen+}
rPois   ∞          Reflect  .   (no helmet)
rElec   .          Harm     .   o - +1 cloak
rCorr   .          Rampage  .   (no gloves)
Will    .....                   y - +0 pair of boots
Stlth   ..........              k - amulet of guardian spirit
HPRegen 0.00/turn               (no ring)
MPRegen 0.12/turn               (no ring)

@: inhibited regen, slowed, very slow
A: reduced essence, claws 1, cold resistance 1, negative energy resistance 3,
inhibited regeneration, torment resistance 2
a: Renounce Religion, Recall Ancestor, Ancestor Identity, Transference, Idealise


You were on level 6 of the Dungeon.
You worshipped Hepliaklqana.
Hepliaklqana was greatly pleased with you.
You visited 1 branch of the dungeon, and saw 6 of its levels.

You collected 572 gold pieces.
You spent 304 gold pieces at shops.

Inventory:

Hand Weapons
 a - a +2 hand axe of draining (weapon)
 b - a +2 dagger of freezing
Missiles
 n - a throwing net (quivered)
Armour
 c - a +0 buckler (worn)
 o - a +1 cloak (worn)
 y - a +0 pair of boots (worn)
 z - the +2 chain mail of Geezismu (worn) {Regen+}
   (You bought it in a shop on level 1 of the Dungeon)

   Regen:     It increases your rate of health regeneration.
Jewellery
 i - a ring of ice
 k - an amulet of guardian spirit (around neck)
Scrolls
 e - 3 scrolls of teleportation {unknown}
 g - a scroll of torment {unknown}
 l - a scroll of enchant weapon {unknown}
 m - 2 scrolls of amnesia {unknown}
 p - a scroll of blinking {unknown}
 t - a scroll of holy word {unknown}
 v - a scroll of immolation {unknown}
 x - a scroll of enchant armour {unknown}
Potions
 d - 2 potions of might
 f - 2 potions of invisibility {unknown}
 h - a potion of haste {unknown}
 j - a potion of lignification {unknown}
 q - a potion of heal wounds {unknown}
 s - a potion of brilliance
 u - a potion of curing {unknown}
 w - a potion of flight {unknown}


   Skills:
 * Level 6.6 Fighting
 * Level 5.1 Axes
 + Level 4.2 Armour
 + Level 3.2 Dodging
 + Level 4.3 Shields
 * Level 4.9 Invocations


You had 7 spell levels left.
You didn't know any spells.
Your spell library contained the following spells:

 Spells                   Type           Power      Damage    Failure   Level
 Sandblast                Erth           0%         2d4       100%        1
 Blink                    Tloc           0%         N/A       100%        2
 Passwall                 Tmut/Erth      0%         N/A       100%        2
 Lesser Beckoning         Tloc           0%         N/A       100%        3
 Stone Arrow              Conj/Erth      0%         3d7       100%        3
 Manifold Assault         Tloc           0%         N/A       100%        5


Dungeon Overview and Level Annotations

Branches:
Dungeon (6/15)             Temple (0/1) D:4

Altars:
Fedhas
Hepliaklqana
Sif Muna
The Shining One

Shops:
D:1 [


Innate Abilities, Weirdness & Mutations

Your life essence is reduced to manifest your ancestor. (-10% HP)
You thrive by killing the living.
You are immune to poison.
You have sharp fingernails.
Your flesh is cold resistant. (rC+)
You are immune to negative energy. (rN+++)
You do not regenerate when monsters are visible.
You are immune to unholy pain and torment.


Message History

You feel yourself speed up. The wraith hits you!
You closely miss the wraith.
The wraith is heavily damaged.
The wraith hits you! The wraith drains your vigour!
You feel yourself slow down.
You slash the wraith!
The wraith is severely damaged.
The wraith hits you but does no damage. The wraith hits you!
You hit the wraith but do no damage.
The wraith is severely damaged.
Dr.
Poop is no longer moving slowly.
The wraith hits you but does no damage.
Dr.
Poop closely misses the wraith.
The wraith hits you but does no damage.
You hit the wraith but do no damage.
The wraith is severely damaged.
Dr.
Poop hits the wraith but does no damage.
The wraith hits Dr.
Poop.
The wraith drains Dr.
Poop's vigour!
Dr.
Poop seems to slow down.
Dr.
Poop closely misses the wraith.
You closely miss the wraith.
The wraith is severely damaged.
The wraith hits you but does no damage.
Dr.
Poop closely misses the wraith.
The wraith hits you. The wraith drains your vigour!
You feel as though you will be slow longer.
You hit the wraith but do no damage.
The wraith is severely damaged.
You block the wraith's attack.
Dr.
Poop hits the wraith with a +0 dagger of draining.
The wraith hits you.
* * * LOW HITPOINT WARNING * * *
You completely miss the wraith.
The wraith is almost destroyed.
Dr.
Poop closely misses the wraith.
The wraith barely misses you.
You hit the wraith but do no damage.
The wraith is almost destroyed.
The wraith hits you!
* * * LOW HITPOINT WARNING * * *
Dr.
Poop closely misses the wraith.
The wraith hits you!
You die...

#..................#.#.#.#
#.################.#.#.#.###
#.##...# ########.#.#.#...#.#
#.##...# #...................
#.##...# #.##########.#.#.#.
#.##...####.....#....†...#.#
#.##...##.#..##.#.####.#.#.#
#.##...##.#..#..#W#.##.#...#
#.##......#..#..@R..##.#.###
#.........#..####.#.##.#.#####
####......#.......#.##.#....<#
#...(..#>####### ##.#..####
###....#.# #.#..#
####.#'###### #..#
#...........# #..#
#.......###.# #..# #.......#
#...


You could see the friendly Dr. Poop the hexer (slow) and a wraith (ally target).

Vanquished Creatures
  A yak (D:5)
  A water moccasin (D:6)
  3 black bears
  A phantom (D:5)
  2 scorpions (D:5)
  A bullfrog (D:6)
  A water moccasin zombie (D:5)
  A water moccasin skeleton (D:4)
  2 hounds (D:5)
  2 iguanas (D:5)
  An orc wizard (D:4)
  Natasha (thrice) (D:2)
  A hound skeleton (D:4)
  3 adders
  A white imp (D:6)
  4 worms
  2 dart slugs
  10 orcs
  2 ball pythons
  5 endoplasms
  2 giant cockroaches
  4 goblins
  4 hobgoblins
  2 jackals (D:2)
  3 quokkas
  4 bats
  4 frilled lizards
  5 kobolds
  4 rats
79 creatures vanquished.

Vanquished Creatures (collateral kills)
  A necrophage (D:5)
  Blork the orc (D:5)
  A scorpion (D:5)
  2 water moccasin skeletons (D:5)
  A howler monkey (D:5)
  A bullfrog skeleton (D:5)
  An iguana (D:5)
  A howler monkey skeleton (D:5)
  2 adders (D:5)
  A worm (D:3)
  2 orcs (D:4)
  An endoplasm (D:3)
  A goblin (D:3)
  A hobgoblin (D:2)
  A jackal (D:2)
  A quokka (D:2)
  A rat (D:3)
20 creatures vanquished.

Vanquished Creatures (others)
  A hexer (D:4)
  An ancestor (D:1)
2 creatures vanquished.

Grand Total: 101 creatures vanquished

Notes
Turn   | Place    | Note
-------+----------+-------------------------------------------
     0 | D:1      | HallandMoats the Ghoul Fighter began the quest for the Orb.
     0 | D:1      | Reached XP level 1. HP: 19/19 MP: 0/0
   409 | D:1      | Found Neuxoomp's Antique Armour Emporium.
   452 | D:1      | Reached XP level 2. HP: 26/26 MP: 1/1
   763 | D:1      | Found a faded altar of an unknown god.
   777 | D:1      | Prayed at the altar of an unknown god.
   777 | D:1      | Became a worshipper of Hepliaklqana the Forgotten
   777 | D:1      | Reached * piety under Hepliaklqana
  1076 | D:2      | Reached XP level 3. HP: 29/29 MP: 2/2
  1211 | D:2      | Noticed Natasha
  1218 | D:2      | Killed Natasha
  1219 | D:2      | Reached skill level 4 in Fighting
  1219 | D:2      | Reached skill level 1 in Dodging
  1219 | D:2      | Reached XP level 4. HP: 29/36 MP: 3/3
  1277 | D:2      | Noticed Natasha
  1284 | D:2      | Killed Natasha
  1504 | D:2      | Reached ** piety under Hepliaklqana
  1505 | D:2      | Remembered your ancestor Dr. Poop as a hexer
  1912 | D:2      | Noticed Natasha
  1917 | D:2      | Killed Natasha
  1918 | D:2      | Reached XP level 5. HP: 41/41 MP: 4/4
  2908 | D:3      | Reached *** piety under Hepliaklqana
  3117 | D:4      | Reached skill level 1 in Invocations
  3375 | D:4      | Found a staircase to the Ecumenical Temple.
  3392 | D:4      | Reached XP level 6. HP: 41/47 MP: 4/6
  3464 | D:4      | Identified the +0 leather armour "Forget-Me-Not" {Int+3}
  3465 | D:4      | Noticed a black bear
  3477 | D:4      | Killed a black bear
  3541 | D:4      | Found a shimmering blue altar of Sif Muna.
  3790 | D:5      | Entered Level 5 of the Dungeon
  3797 | D:5      | Noticed a necrophage
  3805 | D:5      | Killed a necrophage
  3806 | D:5      | Reached skill level 5 in Fighting
  3806 | D:5      | Reached XP level 7. HP: 46/54 MP: 5/7
  4127 | D:5      | Found a blossoming altar of Fedhas.
  4221 | D:5      | Noticed a yak
  4230 | D:5      | Killed a yak
  4336 | D:5      | Reached XP level 8. HP: 55/63 MP: 9/9
  4368 | D:5      | Reached skill level 6 in Fighting
  4768 | D:5      | Noticed Blork the orc
  4774 | D:5      | Killed Blork the orc
  4976 | D:5      | Reached **** piety under Hepliaklqana
  5224 | D:1      | Bought a bronze chain mail for 304 gold pieces
  5224 | D:1      | Identified the +2 chain mail of Geezismu {Regen+} (You
                  | bought it in a shop on level 1 of the Dungeon)
  5331 | D:6      | Reached skill level 5 in Axes
  5413 | D:6      | Noticed a wraith
  5439 | D:6      | Slain by a wraith

Illustrated notes

Levels and vault maps discovered:
D:1:      matt_arrival_refuge, layout_loops_cross, serial_shops, shop,
          basic_ecumenical_altar, minmay_misc_feat_four_crosses,
          serial_bayou_pond_b, minmay_tetromino_o2
D:2:      layout_basic, minmay_surrounded, uniq_natasha
D:3:      layout_basic, mainiacjoe_overflow_catwalk, bh_walls_and_bars
D:4:      layout_basic, tgw_sif, minmay_temple_entry_large_hall
D:5:      minmay_polygon_palace, layout_basic, marbit_many_paths, serial_glass,
          glass_columns_a, glass_columns_b, kennysheep_nondescript,
          uniq_blork_the_orc
D:6:      layout_basic, kennysheep_generic_room_9, uniq_maggie

Skill      XL: |  1  2  3  4  5  6  7  8 |
---------------+-------------------------+-----
Axes           | 2 3 4 5 |  5.1
Fighting       | 4 5 6 |  6.6
Armour         | 3 4 |  4.2
Dodging        | 1 2 3 |  3.2
Shields        | 3 4 |  4.3
Invocations    | 1 2 3 4 |  4.9

Action                   |  1- 3 |  4- 6 |  7- 9 || total
-------------------------+-------+-------+-------++-------
Melee: War axe           |    81 |    48 |       ||   129
       Hand axe          |       |    67 |   129 ||   196
       Dagger            |       |    14 |       ||    14
Invok: Ancestor Identity |     1 |       |       ||     1
       Ancestor Life: He |       |     1 |       ||     1
 Stab: Confused          |       |     1 |     2 ||     3
       Distracted        |       |       |     2 ||     2
Armor: Scale mail        |    31 |    52 |    57 ||   140
       Chain mail        |       |       |    25 ||    25
Dodge: Dodged            |    43 |    56 |    62 ||   161
Block: Buckler           |    18 |    19 |    27 ||    64

Table legend: (Time is in decaauts)
 A = Elapsed time spent in this place.
 B = Non-inter-level travel time spent in this place.
 C = Inter-level travel time spent in this place.
 D = Time resting spent in this place.
 E = Time spent auto-exploring this place.
 F = Levels seen in this place.
 G = Mean time per level.
                   A        B        C        D        E       F      G
               +--------+--------+--------+--------+--------+-----+--------+
         Total |   5557 |   5252 |    305 |    106 |   4248 |   6 |  926.2 |
       Dungeon |   5557 |   5252 |    305 |    106 |   4248 |   6 |  926.2 |
               +--------+--------+--------+--------+--------+-----+--------+

Top non-repeatable levels by time:
     D:5: 1397 daAuts
     D:1: 1114 daAuts
     D:2: 1102 daAuts
     D:3: 921 daAuts
     D:4: 872 daAuts
     D:6: 149 daAuts
